AoeStats
← 2684480386

Arabia

510597215Analyzed
1v1 RM · 1d ago on Oct 1, 2026· 41m 39s· 2 players
Game mode
Random Map
Map size
Tiny (2 player)
Population
200
Speed
Normal
Resources
Standard
Victory
Conquest
Starting age
Dark Age
Ending age
Imperial Age
RankedLock teamsTeams togetherTeam positionsShared explorationLock speedFull tech treeHidden civsTurbo modeCheats
Victory
Defeat
🇨🇱 Slavs · Chile
859
+33
🇨🇳 Sicilians · China
809
-30
2684480386
8:26 Loom
11:11 Feudal Age
16:51 Fletching
Chico_zaldivar
0:57 Loom
11:52 Feudal Age
13:56 Double-Bit Axe
13:49 Man-at-Arms
25:26 Forging
25:17 Scale Mail Armor
30:13 Fletching
34:04 Castle Age
36:07 Wheelbarrow
35:00 Long Swordsman
38:27 Scale Barding Armor
42:10 Iron Casting
Connection lost

Rejoining the realm…

Still unreachable

The connection could not be restored.

Session expired

The server has moved on; the page needs a fresh start.